 Dungeon Crawl Stone Soup version 0.27-a0-1391-g48c30b3128 (webtiles) character file.

Game seed: 1983906656045321975

511 Nattfarinn the Magician (level 7, -3/45 HPs)
             Began as a Djinni Venom Mage on July 1, 2021.
             Slain by a hornet zombie (6 damage)
             ... on level 5 of the Dungeon.
             The game lasted 00:09:13 (5721 turns).

Nattfarinn the Magician (Djinni Venom Mage)         Turns: 5721, Time: 00:09:13

Health: -3/45      AC:  3    Str:  9    XL:     7   Next: 43%
Gold:   122        EV: 12    Int: 16    God:
                   SH:  0    Dex: 14

rFire    + + +     SeeInvis .   g - +0 dagger (venom)
rCold    . . .     Faith    .   (no shield)
rNeg     . . .     Spirit   .   a - +0 robe
rPois    ∞         Reflect  .   e - +0 helmet
rElec    .         Harm     .   c - scarf {rC+ rF+}
rCorr    .         Rampage  .   (no gloves)
Will     .....                  (boots unavailable)
Stlth    ++........             (no amulet)
HPRegen  0.15/turn              (no ring)
MPRegen  0.00/turn              (no ring)

@: flying
A: sickness immunity, fire resistance 2, cold vulnerability 1, float, innate
caster, hp casting, extra vitality 1
a: no special abilities


You were on level 5 of the Dungeon.
You visited 1 branch of the dungeon, and saw 5 of its levels.

You collected 122 gold pieces.

Inventory:

Hand Weapons
 g - a +0 dagger of venom (weapon)
Missiles
 f - 3 curare-tipped darts
Armour
 a - a +0 robe (worn)
 c - a scarf of resistance (worn)
 e - a +0 helmet (worn)
Jewellery
 r - a ring of fire
 v - a ring of wizardry
Wands
 j - a wand of iceblast (6)
Scrolls
 b - 2 scrolls of amnesia {unknown}
 d - a scroll of immolation
 k - 2 scrolls of teleportation
 o - a scroll of holy word {unknown}
 q - a scroll of magic mapping
Potions
 h - a potion of ambrosia {unknown}
 i - a potion of brilliance
 l - a potion of lignification {unknown}
 m - a potion of heal wounds {unknown}
 n - 2 potions of curing {unknown}
 p - a potion of degeneration {unknown}
 s - 4 potions of flight
 t - a potion of magic {unknown}
 u - 3 potions of attraction {unknown}


   Skills:
 - Level 2.1 Dodging
 - Level 1.5 Stealth
 + Level 6.1 Spellcasting


You couldn't memorise any spells.
You knew the following spells:

 Your Spells              Type           Power      Damage    Failure   Level
a - Sting                 Tmut/Pois      96%        1d7       1%          1
b - Poisonous Vapours     Pois/Air       48%        N/A       1%          2
c - Mephitic Cloud        Conj/Pois/Air  24%        N/A       3%          3
d - Ignite Poison         Fire/Tmut/Pois 24%        N/A       3%          3
e - Olgreb's Toxic Radia  Pois           24%        N/A       11%         4
f - Summon Small Mammal   Summ           96%        N/A       1%          1
g - Slow                  Hex            24%        N/A       1%          2
h - Gell's Gravitas       Tloc           12%        N/A       3%          3
Your spell library was empty.

Dungeon Overview and Level Annotations

Branches:
Dungeon (5/15)
 Temple: D:4-7

Altars:

Shops:
D:2 (


Innate Abilities, Weirdness & Mutations

You are immune to sickness and miasma.
You are immune to poison.
Your flesh is very heat resistant. (rF++)
You are vulnerable to cold. (rC-)
You float through the air rather than walking.
You learn spells naturally, not from books.
Your magical power is your life essence.
You have superior vitality. (+4 HP)


Message History

Your rat's corpse disappears in a puff of smoke!
Your quokka bites the hornet zombie.
Your quokka bites the hornet zombie.
The hornet zombie hits your quokka.
Your quokka bites the hornet zombie.
Your quokka bites the hornet zombie but does no damage.
Your quokka completely misses the hornet zombie.
The hornet zombie hits your quokka!
Your quokka dies!
Your quokka's corpse disappears in a puff of smoke!
Your quokka bites the hornet zombie. x2; The hornet zombie hits your quokka!
Your quokka dies!
Your quokka's corpse disappears in a puff of smoke!
A hornet zombie is nearby!
Casting: Summon Small Mammal (safe; 1% risk of failure)
Confirm with . or Enter, or press ? or * to list all spells.
You swap places.
The hornet zombie closely misses your quokka.
Your quokka bites the hornet zombie.
The hornet zombie hits your quokka!
Your quokka dies!
Your quokka's corpse disappears in a puff of smoke!
Casting: Summon Small Mammal (safe; 1% risk of failure)
Confirm with . or Enter, or press ? or * to list all spells.
The hornet zombie hits you.
Casting: Summon Small Mammal (safe; 1% risk of failure)
Confirm with . or Enter, or press ? or * to list all spells.
The hornet zombie hits you!
* * * LOW HITPOINT WARNING * * *
Your quokka barely misses the hornet zombie.
Your bat hits the hornet zombie but does no damage.
Casting: Summon Small Mammal (safe; 1% risk of failure)
Confirm with . or Enter, or press ? or * to list all spells.
* * * LOW HITPOINT WARNING * * *
Your bat hits the hornet zombie.
Your bat closely misses the hornet zombie.
The hornet zombie hits you!
* * * LOW HITPOINT WARNING * * *
Your bat barely misses the hornet zombie.
Your quokka closely misses the hornet zombie.
The hornet zombie hits you.
You die...

#.##.##.######.######
#.....r.# #.# #
####.#Z## #.# #
##.###.## ###.# # #.##
##.# #...# #
##.###.####...# #
#####.#r###.....###+##
#.....Zb###)..........
#.##.@b..##.....#####.
#.##<#...##.....# ##
#.##...r.##.....# #
#.##.##..######## #
#........######### #
####.##..........#####
#.##.########......
#.##.# ####### #.##.#


You could see a hornet zombie (ally target), 2 friendly quokkas and 2 friendly
bats.

Vanquished Creatures
  A black bear (D:5)
  A howler monkey (D:4)
  2 orc priests (D:4)
  A bullfrog skeleton (D:4)
  2 hounds
  Jessica (D:2)
  4 adders
  An ufetubus (D:4)
  A dart slug (D:2)
  10 orcs
  7 ball pythons
  4 bats
  6 endoplasms
  A giant cockroach (D:4)
  6 goblins
  7 hobgoblins
  3 jackals (D:1)
  3 quokkas
  A frilled lizard (D:3)
  6 kobolds
  3 rats
71 creatures vanquished.

Vanquished Creatures (collateral kills)
  A water moccasin zombie (D:5)
  2 water moccasin skeletons (D:5)
  A hound zombie (D:5)
4 creatures vanquished.

Vanquished Creatures (others)
  3 withered plants (D:5)
3 creatures vanquished.

Grand Total: 78 creatures vanquished

Notes
Turn   | Place    | Note
-------+----------+-------------------------------------------
     0 | D:1      | Nattfarinn the Djinni Venom Mage began the quest for the
                  | Orb.
     0 | D:1      | Reached XP level 1. HP: 15/15 MP: 0/0
   194 | D:1      | Reached XP level 2. HP: 6/21 MP: 0/0
   459 | D:1      | You are sucked into a shaft and drop 1 floor!
   484 | D:2      | Reached skill level 3 in Spellcasting
   816 | D:1      | Reached XP level 3. HP: 23/25 MP: 0/0
   816 | D:1      | Learned a level 1 spell: Summon Small Mammal
  1749 | D:2      | Found Tuirupre's Antique Weapon Boutique.
  2049 | D:2      | Noticed Jessica
  2056 | D:2      | Killed Jessica
  2057 | D:2      | Reached XP level 4. HP: 18/31 MP: 0/0
  2744 | D:3      | Reached skill level 4 in Spellcasting
  3110 | D:3      | Found a faded altar of an unknown god.
  3300 | D:3      | Reached XP level 5. HP: 29/35 MP: 0/0
  3300 | D:3      | Learned a level 2 spell: Slow
  3807 | D:4      | Reached XP level 6. HP: 31/40 MP: 0/0
  3989 | D:4      | Reached skill level 5 in Spellcasting
  4700 | D:5      | Entered Level 5 of the Dungeon
  4985 | D:5      | Noticed a black bear
  4988 | D:5      | Killed a black bear
  4989 | D:5      | Reached XP level 7. HP: 38/45 MP: 0/0
  4989 | D:5      | Learned a level 3 spell: Gell's Gravitas
  5283 | D:5      | Reached skill level 6 in Spellcasting
  5721 | D:5      | Slain by a hornet zombie

Illustrated notes

Levels and vault maps discovered:
D:1:      lightli_arrival_maybe_door_vault, layout_rooms,
          chequers_hall_statues_y, serial_bayou_pond_d,
          chequers_serial_rivers_small_b
D:2:      minmay_chambers_of_ones, layout_rooms, serial_shops, shop,
          kennysheep_jessica_study
D:3:      layout_loops_cross, shapermc_ecumenical_altar_mp_urbaneastern
D:4:      layout_rooms
D:5:      layout_loops_cross, lemuel_blue_sif_altar, serial_undead,
          serial_undead_c, serial_undead_e, serial_undead_a, serial_undead_e,
          amcnicky_mini_pool_small, nrook_mini_vaults

Skill      XL: |  1  2  3  4  5  6  7 |
---------------+----------------------+-----
Spellcasting   | 3 4 5 6 |  6.1
Dodging        | |  2.1
Stealth        | |  1.5

Action                   |  1- 3 |  4- 6 |  7- 9 || total
-------------------------+-------+-------+-------++-------
Melee: Dagger            |     2 |    31 |    11 ||    44
 Cast: Sting             |    60 |    55 |       ||   115
       Poisonous Vapours |     3 |     8 |     2 ||    13
       Ignite Poison     |       |     8 |     1 ||     9
       Olgreb's Toxic Ra |       |     4 |       ||     4
       Summon Small Mamm |       |     4 |    24 ||    28
       Slow              |       |     1 |       ||     1
       Gell's Gravitas   |       |       |     3 ||     3
  Use: Scroll            |       |     6 |       ||     6
Armor: Robe              |     9 |    13 |     5 ||    27
Dodge: Dodged            |    24 |    23 |    26 ||    73

Table legend: (Time is in decaauts)
 A = Elapsed time spent in this place.
 B = Non-inter-level travel time spent in this place.
 C = Inter-level travel time spent in this place.
 D = Time resting spent in this place.
 E = Time spent auto-exploring this place.
 F = Levels seen in this place.
 G = Mean time per level.
                   A        B        C        D        E       F      G
               +--------+--------+--------+--------+--------+-----+--------+
         Total |   5727 |   5539 |    188 |   1840 |   3161 |   5 | 1145.4 |
       Dungeon |   5727 |   5539 |    188 |   1840 |   3161 |   5 | 1145.4 |
               +--------+--------+--------+--------+--------+-----+--------+

Top non-repeatable levels by time:
     D:2: 1361 daAuts
     D:4: 1360 daAuts
     D:3: 1348 daAuts
     D:1: 1254 daAuts
     D:5: 401 daAuts
